 Dungeon Crawl Stone Soup version 0.29-a0-266-gf56f883ddd (webtiles) character file.

Game seed: 4212351327467023757

142 riojii the Magician (level 5, -1/38 HPs)
             Began as a Djinni Fire Elementalist on Mar 6, 2022.
             Slain by an orc wizard
             ... wielding a +0 dagger
              (3 damage)
             ... on level 3 of the Dungeon.
             The game lasted 00:03:08 (4139 turns).

riojii the Magician (Djinni Fire Elementalist)      Turns: 4139, Time: 00:03:08

Health: -1/38      AC:  2    Str:  7    XL:     5   Next: 50%
Gold:   43         EV: 13    Int: 18    God:
                   SH:  0    Dex: 14

rFire   + + .      SeeInvis .   k - +5 whip of the Warrior {venom, rPois}
rCold   x . .      Faith    .   (no shield)
rNeg    . . .      Spirit   .   a - +0 robe
rPois   ∞          Reflect  .   (no helmet)
rElec   .          Harm     .   (no cloak)
rCorr   .          Rampage  .   (no gloves)
Will    .....                   (boots unavailable)
Stlth   +.........              (no amulet)
HPRegen 0.12/turn               (no ring)
MPRegen 0.00/turn               (no ring)

@: confused, flying
A: sickness immunity, fire resistance 2, cold vulnerability 1, float, innate
caster, HP casting, extra vitality 1
a: no special abilities


You were on level 3 of the Dungeon.
You visited 1 branch of the dungeon, and saw 3 of its levels.

You collected 43 gold pieces.

Inventory:

Hand Weapons
 k - the +5 whip of the Warrior (weapon) {venom, rPois}
   (You found it on level 2 of the Dungeon)

   It poisons the flesh of those it strikes.
   rPois:     It protects you from poison.
Armour
 a - a +0 robe (worn)
Jewellery
 f - a ring of ice
Scrolls
 c - a scroll of fear {unknown}
 e - a scroll of vulnerability {unknown}
 j - a scroll of teleportation {unknown}
Potions
 b - 2 potions of curing {unknown}
 d - a potion of flight {unknown}
 g - a potion of brilliance {unknown}
 h - a potion of lignification {unknown}
 i - a potion of haste {unknown}


   Skills:
 + Level 2.1 Fighting
 + Level 3.4 Dodging
 - Level 1.5 Stealth
 * Level 3.6 Spellcasting


You couldn't memorise any spells.
You knew the following spells:

 Your Spells              Type           Power      Damage    Failure   Level
a - Foxfire               Conj/Fire      64%        2x1d7     3%          1
b - Scorch                Fire           32%        2d7       5%          2
c - Conjure Flame         Conj/Fire      16%        6-21      11%         3
d - Inner Flame           Hex/Fire       16%        N/A       11%         3
e - Flame Wave            Conj/Fire      16%        2d6       34%         4
f - Freeze                Ice            64%        1d8       3%          1
g - Wereblood             Tmut           16%        N/A       5%          2
Your spell library was empty.

Dungeon Overview and Level Annotations

Branches:
Dungeon (3/15)

Altars:

Shops:
D:1 :


Innate Abilities, Weirdness & Mutations

You are immune to sickness and miasma.
You are immune to poison.
Your flesh is very heat resistant. (rF++)
You are vulnerable to cold. (rC-)
You float through the air rather than walking.
You learn spells naturally, not from books.
Your magical power is your life essence.
You have superior vitality. (+4 MHP)


Message History

Something hits you but does no damage.
You bump into the rock wall.
Something hits you.
You miss something. Something hits you.
You miss something. Something hits you. x2
You're too confused to move!
You hear some strange, mumbled words.
A magic dart appears from out of thin air!
The magic dart hits you!
You feel less confused.
You hit something. Something hits you.
* * * LOW HITPOINT WARNING * * *
You miss something. The orc misses you. Something hits you.
* * * LOW HITPOINT WARNING * * *
You hit the orc.
You kill the orc!
Something hits you.
* * * LOW HITPOINT WARNING * * *
Things that are here:
a +0 club; an orc corpse Something hits you.
* * * LOW HITPOINT WARNING * * *
Things that are here:
a +0 dagger; an orc corpse You closely miss something.
You hear some strange, mumbled words.
You are confused.
You barely miss something. Something barely misses you.
You bump into the rock wall.
Something hits you.
* * * LOW HITPOINT WARNING * * *
You hit something but do no damage.
You hear some strange, mumbled words.
You are more confused.
You bump into the rock wall.
You hear some strange, mumbled words.
A puff of flame appears from out of thin air!
The puff of flame hits you. You resist.
* * * LOW HITPOINT WARNING * * *
You bump into the rock wall.
Something hits you.
You die...

#.# #.# #.# #.# .) #..
... #.##.# #.# ..#.# #)#
#.#.# #@# #...# #{# #..#
#)#
#######..####.#######
#...................#
####.######.####.#####.#
.....# ..... #.# ######
###..###.# #..# #.#


There were no monsters in sight!

Vanquished Creatures
  An orc priest (D:3)
  6 adders
  3 dart slugs (D:2)
  2 orcs (D:3)
  2 ball pythons (D:1)
  4 endoplasms
  A giant cockroach (D:2)
  5 goblins
  6 hobgoblins
  5 jackals
  2 kobolds
  4 quokkas
  4 bats
  2 frilled lizards (D:1)
  3 rats
50 creatures vanquished.

Vanquished Creatures (collateral kills)
  3 foxfires (D:2)
3 creatures vanquished.

Vanquished Creatures (others)
  299 foxfires
  4 withered plants (D:2)
303 creatures vanquished.

Grand Total: 356 creatures vanquished

Notes
Turn   | Place    | Note
-------+----------+-------------------------------------------
     0 | D:1      | riojii the Djinni Fire Elementalist began the quest for the
                  | Orb.
     0 | D:1      | Reached XP level 1. HP: 15/15 MP: 0/0
   737 | D:1      | Reached XP level 2. HP: 18/22 MP: 0/0
   856 | D:1      | Found Umiumuni's Book Shoppe.
  1993 | D:1      | Reached skill level 1 in Fighting
  1993 | D:1      | Reached XP level 3. HP: 25/27 MP: 0/0
  1993 | D:1      | Learned a level 1 spell: Freeze
  2353 | D:2      | Found a faded altar of an unknown god.
  2388 | D:2      | Reached XP level 4. HP: 14/32 MP: 0/0
  3770 | D:2      | Identified the +5 whip of the Warrior {venom, rPois}
  3813 | D:3      | Reached XP level 5. HP: 30/38 MP: 0/0
  3813 | D:3      | Learned a level 2 spell: Wereblood
  4139 | D:3      | Slain by an orc wizard

Illustrated notes

Levels and vault maps discovered:
D:1:      wheals_arrival_shading, layout_basic, serial_shops, shop,
          nrook_mini_vaults
D:2:      layout_basic, ebering_ecumenical_altar_petrified
D:3:      layout_basic, serial_glass, glass_columns_a, glass_columns_b,
          uniq_robin

Skill      XL: |  1  2  3  4  5 |
---------------+----------------+-----
Fighting       | 1 2 |  2.1
Spellcasting   | 3 |  3.6
Dodging        | 3 |  3.4
Stealth        | |  1.5

Action                   |  1- 3 |  4- 6 || total
-------------------------+-------+-------++-------
Melee: Unarmed           |     1 |       ||     1
       Whip              |       |    16 ||    16
 Cast: Foxfire           |    95 |    94 ||   189
       Scorch            |     8 |     6 ||    14
Armor: Robe              |     2 |     2 ||     4
Dodge: Dodged            |     3 |     9 ||    12

Table legend: (Time is in decaauts)
 A = Elapsed time spent in this place.
 B = Non-inter-level travel time spent in this place.
 C = Inter-level travel time spent in this place.
 D = Time resting spent in this place.
 E = Time spent auto-exploring this place.
 F = Levels seen in this place.
 G = Mean time per level.
                   A        B        C        D        E       F      G
               +--------+--------+--------+--------+--------+-----+--------+
         Total |   4139 |   4043 |     96 |      0 |   3696 |   3 | 1379.7 |
       Dungeon |   4139 |   4043 |     96 |      0 |   3696 |   3 | 1379.7 |
               +--------+--------+--------+--------+--------+-----+--------+

Top non-repeatable levels by time:
     D:1: 2073 daAuts
     D:2: 1712 daAuts
     D:3: 353 daAuts
